 Dungeon Crawl Stone Soup version 0.28-a0-932-g843f935a50 (webtiles) character file.

Game seed: 17071172474256061915

22915 tnargy the Cleaver (level 12, -5/112 HPs)
             Began as a Minotaur Berserker on Nov 27, 2021.
             Was a High Priest of Trog.
             Shot with a bolt by an orc warlord (22 damage)
             ... on level 2 of the Orcish Mines on Nov 28, 2021.
             The game lasted 01:11:15 (12626 turns).

tnargy the Cleaver (Minotaur Berserker)            Turns: 12626, Time: 01:11:15

Health: -5/112     AC: 22    Str: 27    XL:     12   Next: 67%
Magic:  0/11       EV: 14    Int:  4    God:    Trog [*****.]
Gold:   926        SH:  0    Dex: 16    Spells: 11/11 levels left

rFire   + + .      SeeInvis .   b - +12 shortbow of the Lusting Seeker {freeze, rCorr Dex+3}
rCold   x . .      Faith    .   (shield currently unavailable)
rNeg    . . .      Spirit   +   y - +0 chain mail {rF+}
rPois   .          Reflect  .   (helmet restricted)
rElec   .          Harm     .   h - +0 cloak
rCorr   +          Rampage  .   s - +4 pair of gloves of Context {Stlth+}
Will    .....                   o - +2 pair of boots
Stlth   ..........              A - amulet of Deorocaes {Spirit Drain Regen+ Str+3 Slay+2}
HPRegen 1.08/turn               x - ring of fire
MPRegen 0.12/turn               (no ring)

@: no status effects
A: horns 2, retaliatory headbutt
a: Renounce Religion, Berserk, Trog's Hand, Brothers in Arms


You were on level 2 of the Orcish Mines.
You worshipped Trog.
Trog was extremely pleased with you.
You visited 2 branches of the dungeon, and saw 15 of its levels.
You also visited: Sewer.

You collected 1149 gold pieces.
You spent 223 gold pieces at shops.

Inventory:

Hand Weapons
 a - a +2 battleaxe
 b - the +12 shortbow of the Lusting Seeker (weapon) {freeze, rCorr Dex+3}
   (You found it on level 6 of the Dungeon)

   Any ammunition fired from it freezes those it strikes, dealing additional
   cold damage.
   It can also slow down cold-blooded creatures.
   Dex:       It affects your dexterity (+3).
   rCorr:     It protects you from acid and corrosion.
 j - a +1 battleaxe of venom
Missiles
 p - 204 arrows (quivered ammo)
Armour
 h - a +0 cloak (worn)
 o - a +2 pair of boots (worn)
 s - the +4 pair of gloves of Context (worn) {Stlth+}
   (You acquired it on level 5 of the Dungeon)

   Stlth:     It makes you more stealthy.
 y - a +0 chain mail of fire resistance (worn)
Jewellery
 d - a ring of protection from fire
 x - a ring of fire (left hand)
 A - the amulet of Deorocaes (around neck) {Spirit Drain Regen+ Str+3 Slay+2}
   (You found it on level 10 of the Dungeon)

   [amulet of guardian spirit]

   It causes incoming damage to be divided between your reserves of health and
   magic.
   Str:       It affects your strength (+3).
   Slay:      It affects your accuracy & damage with ranged weapons and melee
   (+2).
   Regen:     It increases your rate of health regeneration.
   Drain:     It drains your maximum health when unequipped.
Wands
 t - a wand of iceblast (12)
Scrolls
 f - a scroll of summoning {unknown}
 g - 4 scrolls of teleportation
 n - 3 scrolls of fog
 r - 2 scrolls of magic mapping
Potions
 e - a potion of invisibility {unknown}
 l - a potion of haste
 m - 3 potions of curing
 u - 2 potions of flight


   Skills:
 + Level 12.1 Fighting
 + Level 12.4(12.7) Axes
 - Level 4.5(9.2) Maces & Flails
 + Level 8.5 Bows
 + Level 11.8 Armour
 + Level 11.4 Dodging


You had 11 spell levels left.
You didn't know any spells.
Your spell library was empty.

Dungeon Overview and Level Annotations

Branches:
Dungeon (13/15)            Temple (0/1) D:4            Lair (0/6) D:8
    Orc (2/2) D:12          Sewer (visited)
    Elf: Orc:2       Vaults: D:13-14

Altars:
Gozag
Hepliaklqana
Kikubaaqudgha
Makhleb
Nemelex Xobeh
Okawaru
Uskayaw
Beogh

Shops:
D:2 (*=!   D:3 *   D:9 *   Orc:2 *!:

Portals:
Trove: D:11 (give +2 shadow dragon scales)


Innate Abilities, Weirdness & Mutations

You have a pair of horns on your head.
You reflexively headbutt those who attack you in melee.


Message History

You shoot an arrow. The arrow hits the orc warlord!
The arrow freezes the orc warlord.
The orc warlord is moderately wounded.
The orc warlord shoots a bolt.
The bolt closely misses you.
Fire: 209 arrows
Press: ? - help, Q - select action, (/) - cycle Shift-Dir - straight line, f/p - orc warlord
Aim: an orc warlord, wielding a +0 arbalest, wearing a +0 chain mail and quivering bolts (moderately wounded, 81% to hit)
You shoot an arrow. The arrow hits the orc warlord!
The arrow freezes the orc warlord.
The orc warlord is moderately wounded.
Fire: 208 arrows
Press: ? - help, Q - select action, (/) - cycle Shift-Dir - straight line, f/p - orc warlord
Aim: an orc warlord, wielding a +0 arbalest, wearing a +0 chain mail and quivering bolts (moderately wounded, 81% to hit)
You shoot an arrow.
The arrow hits the orc warlord but does no damage.
The orc warlord is moderately wounded.
The orc warlord shoots a bolt.
The bolt completely misses you.
Fire: 207 arrows
Press: ? - help, Q - select action, (/) - cycle Shift-Dir - straight line, f/p - orc warlord
Aim: an orc warlord, wielding a +0 arbalest, wearing a +0 chain mail and quivering bolts (moderately wounded, 81% to hit)
You shoot an arrow.
The arrow barely misses the orc warlord.
The orc warlord shoots a bolt.
The bolt hits you.
* * * LOW HITPOINT WARNING * * *
Fire: 206 arrows
Press: ? - help, Q - select action, (/) - cycle Shift-Dir - straight line, f/p - orc warlord
Aim: an orc warlord, wielding a +0 arbalest, wearing a +0 chain mail and quivering bolts (moderately wounded, 81% to hit)
You shoot an arrow. The arrow hits the orc warlord!
The arrow freezes the orc warlord.
The orc warlord is moderately wounded.
The orc warlord shoots a bolt.
The bolt hits you!!
* * * LOW HITPOINT WARNING * * *
Fire: 205 arrows
Press: ? - help, Q - select action, (/) - cycle Shift-Dir - straight line, f/p - orc warlord
Aim: an orc warlord, wielding a +0 arbalest, wearing a +0 chain mail and quivering bolts (moderately wounded, 81% to hit)
You shoot an arrow. The arrow hits the orc warlord!!
The arrow freezes the orc warlord.
The orc warlord is heavily wounded.
The orc warlord shoots a bolt.
The bolt hits you!!
You die...

.....o.._...)((.o(..........#
...........(............##.##
.8.........o...8..........##
####.......(.#####.........
......(.## .....#.....
.....#...##..........#
.....##...##...#..### .
##...# ##.@# ####


You could see an orc warlord.

Vanquished Creatures
  Rupert (Orc:2)
  A boulder beetle (D:12)
  2 hydras
  3 two-headed ogres
  An orc high priest (Orc:2)
  3 orc knights (Orc:2)
  Pikel (D:6)
  3 orc sorcerers (Orc:2)
  An ugly thing (D:11)
  A cyclops (D:11)
  A manticore (D:11)
  A moth of wrath (shapeshifter) (D:10)
  A gargoyle (D:12)
  A komodo dragon (D:8)
  An unseen horror (D:12)
  6 trolls
  2 hornets
  3 wyverns
  10 yaks
  Grum (D:11)
  3 wargs
  4 acid dragons
  2 water moccasins
  23 orc warriors
  A black bear (D:8)
  4 wolves (D:11)
  An ice beast (D:5)
  2 necrophages
  5 ogres
  9 centaurs
  A lemure (D:6)
  Blork the orc (Orc:2)
  A bullfrog (D:8)
  A gnoll sergeant (D:8)
  3 scorpions
  A water moccasin zombie (D:5)
  A water moccasin skeleton (D:5)
  A wyvern skeleton (D:7)
  4 killer bees (D:9)
  3 howler monkeys
  8 wights
  A lava snake (D:9)
  5 centaur zombies
  A jelly (D:5)
  12 orc priests
  Crazy Yiuf (D:2)
  A bullfrog skeleton (D:6)
  A centaur skeleton (D:5)
  An iguana (D:6)
  18 orc wizards
  2 hound skeletons
  A howler monkey zombie (D:8)
  Robin (D:2)
  8 gnolls
  6 adders
  3 ufetubi
  An adder zombie (D:5)
  2 worms
  A dart slug (D:2)
  45 orcs
  3 ball pythons
  12 bats
  5 endoplasms
  11 giant cockroaches
  9 hobgoblins
  3 jackals (D:1)
  3 quokkas
  3 frilled lizards
  16 goblins
  8 kobolds
  3 rats
310 creatures vanquished.

Vanquished Creatures (collateral kills)
  An orc knight (Orc:2)
  An orc warrior (Orc:2)
  An orc (Orc:2)
3 creatures vanquished.

Vanquished Creatures (others)
  10 fungi (D:8)
  30 plants
  A withered plant (D:4)
41 creatures vanquished.

Grand Total: 354 creatures vanquished

Notes
Turn   | Place    | Note
-------+----------+-------------------------------------------
     0 | D:1      | tnargy the Minotaur Berserker began the quest for the Orb.
     0 | D:1      | Reached XP level 1. HP: 19/19 MP: 0/0
   472 | D:1      | Reached XP level 2. HP: 27/27 MP: 1/1
   481 | D:1      | Found a faded altar of an unknown god.
  1074 | D:2      | Reached XP level 3. HP: 33/33 MP: 2/2
  1150 | D:2      | Found Ufuthace's General Store.
  1163 | D:2      | Reached ** piety under Trog
  1163 | D:2      | Noticed Robin
  1183 | D:2      | Killed Robin
  1184 | D:2      | Reached XP level 4. HP: 40/40 MP: 3/3
  1234 | D:2      | Bought a scroll of teleportation for 30 gold pieces
  1334 | D:2      | Found Ynitupak's Jewellery Shop.
  1378 | D:2      | Reached skill level 5 in Axes
  1448 | D:2      | Found Pigumonu's Weapon Boutique.
  1487 | D:2      | Found a sparkling altar of Nemelex Xobeh.
  1577 | D:2      | Found a runed translucent door.
  1578 | D:2      | Noticed Crazy Yiuf
  1872 | D:2      | Found Hierphaad's Distillery.
  1944 | D:2      | Killed Crazy Yiuf
  2061 | D:3      | Reached XP level 5. HP: 42/47 MP: 4/4
  2146 | D:3      | Found a burning altar of Makhleb.
  2287 | D:3      | Found Muhoc Litics's General Store.
  2308 | D:3      | Bought a potion of curing for 39 gold pieces
  3072 | D:3      | Found a hide-covered altar of Uskayaw.
  3274 | D:4      | Reached XP level 6. HP: 47/55 MP: 5/5
  3383 | D:4      | Found an ancient bone altar of Kikubaaqudgha.
  3727 | D:4      | Found a staircase to the Ecumenical Temple.
  3883 | D:4      | Reached skill level 5 in Fighting
  4051 | D:5      | Entered Level 5 of the Dungeon
  4055 | D:5      | Noticed a hornet
  4064 | D:5      | Paralysed by a hornet for 2 turns
  4069 | D:5      | Killed a hornet
  4070 | D:5      | Reached skill level 5 in Armour
  4070 | D:5      | Reached XP level 7. HP: 61/61 MP: 6/6
  4080 | D:5      | Reached skill level 5 in Dodging
  4229 | D:5      | Acquired the +4 pair of gloves of Context {Stlth+}
  4465 | D:5      | Reached XP level 8. HP: 70/70 MP: 7/7
  4490 | D:5      | Reached *** piety under Trog
  4492 | D:5      | Found a glowing drain.
  4516 | Sewer    | Entered a sewer
  5106 | D:5      | Found a hazy altar of Hepliaklqana.
  5306 | D:6      | Identified the +12 shortbow of the Lusting Seeker {freeze,
                  | rCorr Dex+3}
  5318 | D:6      | Reached skill level 1 in Maces & Flails
  5545 | D:6      | Noticed Pikel
  5559 | D:6      | Killed Pikel
  5563 | D:6      | Reached XP level 9. HP: 79/79 MP: 8/8
  5878 | D:7      | Noticed a two-headed ogre
  5886 | D:7      | Killed a two-headed ogre
  6803 | D:8      | Reached **** piety under Trog
  6846 | D:8      | Reached XP level 10. HP: 68/90 MP: 9/9
  7083 | D:8      | Reached skill level 10 in Axes
  7512 | D:8      | Found a staircase to the Lair.
  7771 | D:9      | Found Ilueriha's General Store.
  8418 | D:9      | Found an iron altar of Okawaru.
  8803 | D:10     | Entered Level 10 of the Dungeon
  8808 | D:10     | Noticed a two-headed ogre
  8816 | D:10     | Killed a two-headed ogre
  9199 | D:10     | Reached skill level 1 in Bows
  9210 | D:10     | Reached XP level 11. HP: 99/99 MP: 10/10
  9229 | D:10     | Noticed a four-headed hydra
  9231 | D:10     | Noticed a sea snake
  9231 | D:10     | a floating eye changed into a sea snake
  9310 | D:10     | Noticed a shock serpent
  9310 | D:10     | a cyclops changed into a shock serpent
  9313 | D:10     | a shock serpent changed into a moth of wrath
  9316 | D:10     | Reached skill level 10 in Fighting
  9489 | D:10     | Identified the amulet of Deorocaes {Spirit Drain Regen+
                  | Str+3 Slay+2}
  9527 | D:10     | Killed a four-headed hydra
  9825 | D:10     | Found an opulent altar of Gozag.
 10033 | D:10     | Paralysed by a hornet for 1 turns
 10127 | D:11     | Noticed Grum
 10260 | D:11     | Reached skill level 10 in Armour
 10296 | D:11     | Noticed a green ugly thing
 10304 | D:11     | Killed a green ugly thing
 10317 | D:11     | Found a portal to a secret trove of treasure.
 10529 | D:11     | Noticed a two-headed ogre
 10548 | D:11     | Killed a two-headed ogre
 10549 | D:11     | Reached skill level 5 in Bows
 10549 | D:11     | Reached skill level 10 in Dodging
 10718 | D:11     | Killed Grum
 11396 | D:12     | Noticed a boulder beetle
 11419 | D:12     | Killed a boulder beetle
 11625 | D:12     | Found a staircase to the Orcish Mines.
 11724 | D:12     | Noticed a six-headed hydra
 11726 | D:12     | Noticed a deep elf pyromancer
 11728 | D:12     | Noticed a wizard
 11729 | D:12     | Killed a six-headed hydra
 11868 | Orc:1    | Entered Level 1 of the Orcish Mines
 11876 | Orc:1    | Reached XP level 12. HP: 110/110 MP: 11/11
 12024 | Orc:2    | Entered Level 2 of the Orcish Mines
 12213 | Orc:2    | Found Mukhlyro's Distillery.
 12221 | Orc:2    | Bought a potion of curing for 33 gold pieces
 12221 | Orc:2    | Bought a potion of heal wounds for 55 gold pieces
 12221 | Orc:2    | Bought 2 potions of curing for 66 gold pieces
 12253 | Orc:2    | Paralysed by an orc sorcerer for 3 turns
 12290 | Orc:2    | Noticed Rupert
 12296 | Orc:2    | Reached ***** piety under Trog
 12307 | Orc:2    | Killed Rupert
 12407 | Orc:2    | Noticed Blork the orc
 12408 | Orc:2    | Noticed an orc high priest
 12438 | Orc:2    | Killed Blork the orc
 12604 | Orc:2    | Found Dunam's General Store.
 12604 | Orc:2    | Noticed an orc warlord
 12610 | Orc:2    | Found Zebialar's Book Shop.
 12619 | Orc:2    | Killed an orc high priest
 12626 | Orc:2    | Shot with a bolt by an orc warlord

Illustrated notes

Levels and vault maps discovered:
D:1:      matt_arrival_spirals, layout_loops_ring,
          ebering_ecumenical_altar_mist, chequers_avenue
D:2:      layout_loops_ring, basic_altar, serial_shops, shop, shop_statue, shop,
          shop, serial_park_tiny_pond, uniq_robin, uniq_crazy_yiuf_cottage
D:3:      layout_loops_corners, nicolae_uskayaw_suspiria,
          mainiacjoe_overflow_cross_hatched, serial_shops,
          nicolae_shop_statue_plus, kennysheep_cluttered_room
D:4:      layout_loops_ring, kiku_gazebo_garden_becter,
          minmay_temple_entry_antechambers
D:5:      layout_rooms, nzn_hepliaklqana_mist_gate, gup_sewer_entry_pipe,
          nicolae_figureground_sparkle
D:6:      minmay_general_purpose_star, layout_loops_ring, uniq_pikel
D:7:      layout_layer_cave
D:8:      layout_rooms, grunt_lair_entry_orc_guard_hut
D:9:      layout_basic, kennysheep_okawaru_gauntlet, serial_shops,
          nicolae_inconvenience_store
D:10:     layout_basic, grunt_gozag_statues, hangedman_abyss_or_decor_passed,
          minmay_checkerbox
D:11:     layout_stronghold, enter_trove_2, uniq_grum
D:12:     minmay_tri_box, layout_irregular_city, david_orc_3
D:13:     layout_irregular_city, grunt_vaults_entry_tiered, serial_shops,
          nicolae_shop_waterfront, uniq_nessos, uniq_urug
Orc:1:    layout_caves
Orc:2:    grunt_orc_cross, layout_caves, serial_shops, nicolae_shop_stone,
          uniq_rupert

Skill      XL: |  1  2  3  4  5  6  7  8  9 10 11 12 |
---------------+-------------------------------------+-----
Axes           | 4 5 6 7 8 9 11 12 | 12.4
Fighting       | 4 5 6 7 8 9 11 12 | 12.1
Armour         | 3 4 5 6 8 9 10 11 | 11.8
Dodging        | 3 4 5 7 8 9 10 11 | 11.4
Maces & Flails | 2 4 |  4.5
Bows           | 1 7 8 |  8.5

Action                   |  1- 3 |  4- 6 |  7- 9 | 10-12 || total
-------------------------+-------+-------+-------+-------++-------
Melee: Hand axe          |    61 |   122 |   108 |       ||   291
       Headbutt          |    13 |    22 |    45 |    91 ||   171
       Mace              |       |       |    74 |       ||    74
       War axe           |       |       |    33 |   107 ||   140
       Battleaxe         |       |       |       |   264 ||   264
 Fire: Shortbow          |       |       |       |   118 ||   118
Throw: Throwing net      |       |     1 |       |       ||     1
Invok: Berserk           |     1 |     1 |     4 |     8 ||    14
       Trog's Hand       |       |       |       |     2 ||     2
       Brothers in Arms  |       |       |       |     1 ||     1
  Use: Scroll            |       |       |     5 |    12 ||    17
       Potion            |       |       |     2 |    11 ||    13
Armor: Animal skin       |     6 |       |       |       ||     6
       Chain mail        |    24 |    56 |   184 |   310 ||   574
Dodge: Dodged            |    40 |    45 |   115 |   297 ||   497

Table legend: (Time is in decaauts)
 A = Elapsed time spent in this place.
 B = Non-inter-level travel time spent in this place.
 C = Inter-level travel time spent in this place.
 D = Time resting spent in this place.
 E = Time spent auto-exploring this place.
 F = Levels seen in this place.
 G = Mean time per level.
                   A        B        C        D        E       F      G
               +--------+--------+--------+--------+--------+-----+--------+
         Total |  12721 |  12202 |    519 |   2252 |   7098 |  16 |  795.1 |
       Dungeon |  11803 |  11300 |    503 |   2144 |   6695 |  13 |  907.9 |
  Orcish Mines |    749 |    734 |     15 |    102 |    298 |   2 |  374.5 |
         Sewer |    168 |    168 |      0 |      6 |    105 |   1 |  168.0 |
               +--------+--------+--------+--------+--------+-----+--------+

Top non-repeatable levels by time:
    D:10: 1358 daAuts
     D:9: 1231 daAuts
    D:11: 1215 daAuts
     D:8: 1153 daAuts
     D:3: 1129 daAuts
     D:1: 1067 daAuts
     D:2: 1001 daAuts
     D:5: 964 daAuts
     D:4: 868 daAuts
     D:6: 736 daAuts
   Orc:2: 592 daAuts
     D:7: 553 daAuts
    D:12: 444 daAuts
   Sewer: 168 daAuts
   Orc:1: 157 daAuts
